 Dungeon Crawl Stone Soup version 0.29.0-4-gdea44cf6ec (webtiles) character file.

Game seed: 17259860965655096436

52 qw the Chopper (level 3, 0/31 HPs)
             Began as a Minotaur Fighter on Sept 6, 2022.
             Slain by a gnoll
             ... wielding a +0 flail
              (6 damage)
             ... on level 2 of the Dungeon.
             The game lasted 00:00:38 (1307 turns).

qw the Chopper (Minotaur Fighter)                   Turns: 1307, Time: 00:00:38

Health: 0/31       AC:  8    Str: 22    XL:     3   Next: 60%
Magic:  2/2        EV:  9    Int:  5    God:
Gold:   28         SH:  4    Dex:  9    Spells: 2/2 levels left

rFire   . . .      SeeInvis .   Y - +1 war axe
rCold   . . .      Faith    .   c - +0 buckler
rNeg    . . .      Spirit   .   b - +0 scale mail
rPois   .          Reflect  .   (helmet restricted)
rElec   .          Harm     .   i - +0 cloak
rCorr   .          Rampage  .   (no gloves)
Will    .....                   (no boots)
Stlth   ..........              (no amulet)
HPRegen 0.10/turn               (no ring)
MPRegen 0.08/turn               (no ring)

@: no status effects
A: horns 2, retaliatory headbutt
a: no special abilities


You were on level 2 of the Dungeon.
You visited 1 branch of the dungeon, and saw 2 of its levels.

You collected 28 gold pieces.


Innate Abilities, Weirdness & Mutations

You have a pair of horns on your head.
You reflexively headbutt those who attack you in melee.


   Skills:
 - Level 3.6 Fighting
 + Level 4.9 Axes
 - Level 3.6 Armour
 - Level 3.6 Shields


You had 2 spell levels left.
You didn't know any spells.
Your spell library was empty.

Inventory:

Hand Weapons
 e - a +0 flail
 Y - a +1 war axe (weapon)
Armour
 b - a +0 scale mail (worn)
 c - a +0 buckler (worn)
 i - a +0 cloak (worn)
Potions
 a - a potion of brilliance {unknown}
 d - a potion of might
 h - a potion of curing
 l - a potion of lignification {unknown}

Dungeon Overview and Level Annotations

Branches:
Dungeon (2/15)

Altars:


Message History

The gnoll is heavily wounded.
The gnoll hits you but does no damage. The gnoll barely misses you.
The gnoll hits you but does no damage. x2
You hit the gnoll.
The gnoll is heavily wounded.
You barely miss the gnoll. The gnoll hits you with a +0 spear.
The gnoll hits you from afar with a +0 spear.
You block the gnoll's attack.
The gnoll hits you from afar with a +0 spear.
The gnoll barely misses you.
You closely miss the gnoll. You headbutt the gnoll.
The gnoll is almost dead.
You closely miss the gnoll. The gnoll barely misses you.
You block the gnoll's attack. The gnoll barely misses you.
The gnoll hits you from afar with a +0 spear.
You hit the gnoll.
You kill the gnoll!
You hit the gnoll. The gnoll hits you with a +0 flail.
The gnoll closely misses you. x2
A gnoll comes into view. It is wielding a +0 whip.
You block the gnoll's attack. The gnoll barely misses you.
You barely miss the gnoll.
The gnoll is moderately wounded.
The gnoll shouts!
The gnoll hits you from afar with a +0 spear.
The gnoll hits you with a +0 flail. The gnoll hits you but does no damage.
You barely miss the gnoll.
The gnoll is moderately wounded.
You hit the gnoll. You block the gnoll's attack.
The gnoll hits you with a +0 club. The gnoll closely misses you.
The gnoll barely misses you. The gnoll hits you but does no damage.
The gnoll completely misses you.
You closely miss the gnoll. You headbutt the gnoll.
The gnoll is severely wounded.
You barely miss the gnoll.
The gnoll hits you from afar with a +0 spear.
The gnoll hits you with a +0 flail.
You die...

.......####........
#.....# #.....#..
+.....# #......#.
#.....# #...#...#
#.....# #....#..#
#.....####.#...###
#...........#..#..
#.)..........###..
#@..........#...#.
....wggg##.......#.....#
~....g..##..............
¤¤......##.......#.....#
¤.¤g....##........#...#.
¤¤¤¤....##.........###..
.¤......##........#..#..
.¤.¤....##.......#...###
#..........#..#


You could see a worm and 5 gnolls.

Vanquished Creatures
  A gnoll (D:2)
  A worm (D:2)
  A dart slug (D:1)
  3 ball pythons
  3 endoplasms (D:1)
  2 giant cockroaches (D:1)
  3 goblins
  2 hobgoblins (D:1)
  2 jackals (D:2)
  4 kobolds
  4 bats
  4 frilled lizards (D:1)
  A quokka zombie (D:2)
  5 rats (D:1)
36 creatures vanquished.

Notes
Turn   | Place    | Note
-------+----------+-------------------------------------------
     0 | D:1      | qw the Minotaur Fighter began the quest for the Orb.
     0 | D:1      | Reached XP level 1. HP: 19/19 MP: 0/0
     0 | D:1      | 0 ||| qw: Version: 0.1-a-108-g9e35731
     0 | D:1      | 0 ||| qw: Game counter: 6257
     0 | D:1      | 0 ||| qw: Always use a shield: true
     0 | D:1      | 0 ||| qw: God list: Ru
     0 | D:1      | 0 ||| qw: Allow faded altars: false
     0 | D:1      | 0 ||| qw: Do Orc after D:15 true
     0 | D:1      | 0 ||| qw: Do second Lair branch before Depths: true
     0 | D:1      | 0 ||| qw: Lair rune preference: random
     0 | D:1      | 0 ||| qw: Plans: Normal
     0 | D:1      | 0 ||| PLANNING D:1-11
    87 | D:1      | 87 ||| Stepping ~*~*~tactically~*~*~ (stealth).
   130 | D:1      | Reached skill level 3 in Axes
   232 | D:1      | Reached XP level 2. HP: 26/26 MP: 1/1
   254 | D:1      | 254 ||| Stepping ~*~*~tactically~*~*~ (hiding).
   255 | D:1      | 255 ||| Stepping ~*~*~tactically~*~*~ (hiding).
   661 | D:1      | 661 ||| Stepping ~*~*~tactically~*~*~ (stealth).
   670 | D:1      | Reached skill level 4 in Axes
   695 | D:1      | 695 ||| Stepping ~*~*~tactically~*~*~ (stealth).
  1004 | D:1      | 1004 ||| UPGRADING to +0 cloak.
  1009 | D:1      | 1009 ||| DROPPING amulet of faith.
  1010 | D:1      | 1010 ||| READING scroll labelled FUDEATT IMMUCK.
  1011 | D:1      | 1011 ||| READING scroll labelled WUYRAW VENWYN.
  1012 | D:1      | 1012 ||| READING scroll labelled CIUTOA LADUESH.
  1013 | D:1      | 1013 ||| DRINKING 2 murky amethyst potions.
  1044 | D:2      | Reached XP level 3. HP: 31/31 MP: 2/2
  1218 | D:2      | 1218 ||| Stepping ~*~*~tactically~*~*~ (stealth).
  1245 | D:2      | 1245 ||| Stepping ~*~*~tactically~*~*~ (stealth).
  1289 | D:2      | 1289 ||| Stepping ~*~*~tactically~*~*~ (stealth).
  1292 | D:2      | 1292 ||| Stepping ~*~*~tactically~*~*~ (hiding).
  1293 | D:2      | 1293 ||| Stepping ~*~*~tactically~*~*~ (hiding).
  1295 | D:2      | 1295 ||| Stepping ~*~*~tactically~*~*~ (hiding).
  1306 | D:2      | HP: 7/31 [gnoll/+0 club (2)]
  1307 | D:2      | Slain by a gnoll

Levels and vault maps discovered:
D:1:      minmay_arrival_widening_spiral_wide, layout_basic, nrook_mini_vaults,
          minmay_misc_feat_five, chequers_mini_garden
D:2:      layout_basic, dilly_ecumenical_altar_fadedgnrine, serial_undead,
          serial_undead_e, serial_undead_a, serial_undead_f, serial_undead_b,
          minmay_splitting_lines

Skill      XL: |  1  2 |
---------------+-------+-----
Axes           | 3 4 |  4.9
Fighting       | |  3.6
Armour         | |  3.6
Shields        | |  3.6

Action                   || total
-------------------------++-------
Melee: War axe           ||    86
       Headbutt          ||    13
  Use: Scroll            ||     3
       Potion            ||     1
Armor: Scale mail        ||    37
Dodge: Dodged            ||    45
Block: Buckler           ||    26

Table legend:
 A = Non-vault XP
 B = Vault XP
 C = Vault XP percentage of total XP
 D = Non-vault monster count
 E = Vault monster count
 F = Vault count percentage of total count
                 A         B        C        D         E       F
            +---------+---------+-------+---------+---------+-------
      Total |      74 |       1 |   1.3 |      35 |       1 |   2.8
            +---------+---------+-------+---------+---------+-------
        D:1 |      40 |       0 |   0.0 |      25 |       0 |   0.0
        D:2 |      34 |       1 |   2.9 |      10 |       1 |   9.1
            +---------+---------+-------+---------+---------+-------
